 Dungeon Crawl Stone Soup version 0.28.0-49-g6dfe1f597d (webtiles) character file.

Game seed: 14741863247994164969

14460 Gabide the Impaler (level 12, 0/86 HPs)
             Began as a Human Monk on May 13, 2022.
             Was a High Priest of Fedhas.
             Killed from afar by a rakshasa (illusionary) (14 damage)
             ... with a lance of force
             ... on level 11 of the Dungeon.
             The game lasted 00:41:48 (10847 turns).

Gabide the Impaler (Human Monk)                    Turns: 10847, Time: 00:41:49

Health: 0/86       AC: 13    Str: 15    XL:     12   Next: 45%
Magic:  16/16      EV: 18    Int: 11    God:    Fedhas [*****.]
Gold:   359        SH:  0    Dex: 21    Spells: 11/11 levels left

rFire   . . .      SeeInvis .   y - +2 halberd
rCold   . . .      Faith    .   (shield currently unavailable)
rNeg    . . .      Spirit   .   C - +3 ring mail {rPois}
rPois   +          Reflect  .   x - +2 helmet
rElec   +          Harm     .   i - +0 cloak
rCorr   .          Rampage  .   (no gloves)
Will    .....                   (no boots)
Stlth   ++........              b - amulet of regeneration
HPRegen 1.04/turn               c - +6 ring of dexterity
MPRegen 0.15/turn               A - +4 ring of evasion

@: invisible
A: electricity resistance, weak 1
a: Renounce Religion, Wall of Briars, Grow Ballistomycete, Overgrow, Grow Oklob


You were on level 11 of the Dungeon.
You worshipped Fedhas.
Fedhas was extremely pleased with you.
You visited 2 branches of the dungeon, and saw 12 of its levels.
You also visited: Ossuary.

You collected 727 gold pieces.
You spent 368 gold pieces at shops.

Inventory:

Hand Weapons
 f - a +0 glaive
 y - a +2 halberd (weapon)
Armour
 e - a +2 ring mail
 i - a +0 cloak (worn)
 x - a +2 helmet (worn)
 z - a +0 chain mail
 B - +0 acid dragon scales
 C - a +3 ring mail of poison resistance (worn)
Jewellery
 a - a +6 ring of dexterity
 b - an amulet of regeneration (around neck)
 c - a +6 ring of dexterity (left hand)
 m - a ring of wizardry
 w - an amulet of magic regeneration
 A - a +4 ring of evasion (right hand)
 E - a ring of resist corrosion
Wands
 p - a wand of flame (14) (quivered)
 D - a wand of charming (9)
Scrolls
 g - 2 scrolls of fear
 j - 3 scrolls of fog
 k - 3 scrolls of teleportation
 l - 2 scrolls of magic mapping
 o - a scroll of enchant armour
Potions
 h - a potion of magic
 n - a potion of haste
 q - a potion of lignification
 s - a potion of might {unknown}
 t - a potion of mutation
 u - a potion of curing


   Skills:
 + Level 5.3 Fighting
 + Level 16.5 Polearms
 + Level 5.2 Armour
 + Level 5.2 Dodging
 - Level 2.0 Stealth
 * Level 6.6 Invocations


You had 11 spell levels left.
You didn't know any spells.
Your spell library contained the following spells:

 Spells                   Type           Power      Damage    Failure   Level
 Animate Skeleton         Necr           0%         N/A       54%         1
 Pain                     Necr           0%         1d4       54%         1
 Slow                     Hex            0%         N/A       54%         1
 Confusing Touch          Hex            0%         N/A       89%         3
 Frozen Ramparts          Ice            0%         1d2       89%         3
 Gell's Gravitas          Tloc           0%         N/A       89%         3
 Lesser Beckoning         Tloc           0%         N/A       89%         3
 Teleport Other           Tloc           0%         N/A       89%         3
 Vampiric Draining        Necr           0%         2d6       89%         3
 Ice Form                 Ice/Tmut       0%         N/A       100%        4
 Summon Ice Beast         Ice/Summ       0%         N/A       100%        4


Dungeon Overview and Level Annotations

Branches:
Dungeon (11/15)            Temple (1/1) D:7            Lair (0/6) D:10
    Orc (0/2) D:11        Ossuary (visited)

Altars:
Ashenzari
Cheibriados
Dithmenos
Elyvilon
Fedhas
Gozag
Hepliaklqana
Kikubaaqudgha
Makhleb
Nemelex Xobeh
Okawaru
Qazlal
Ru
Sif Muna
Trog
Uskayaw
Vehumet
Wu Jian
Xom
Yredelemnul
Zin
The Shining One

Shops:
D:11 [

Annotations:
D:7 exclusion: moth of wrath


Innate Abilities, Weirdness & Mutations

You are resistant to electric shocks. (rElec)
You are weak. (Str -2)


Message History

The mass of ice explodes!
The iceblast engulfs the rakshasa!
The rakshasa is heavily wounded.
The now-empty wand crumbles to dust.
You closely miss the rakshasa.
The rakshasa is heavily wounded.
You barely miss the rakshasa.
The rakshasa is heavily wounded.
The rakshasa closely misses you.
You barely miss the rakshasa.
The rakshasa is heavily wounded.
The rakshasa hits you with a +0 whip!
You hit the rakshasa.
The rakshasa is heavily wounded.
You puncture the rakshasa!
The rakshasa is severely wounded.
The injured rakshasa weaves a defensive illusion!
The rakshasa completely misses you. The rakshasa hits you with a +0 whip!
You closely miss the rakshasa.
The rakshasa is severely wounded.
The rakshasa misses you. The rakshasa completely misses you.
You barely miss the rakshasa.
The rakshasa is severely wounded.
The rakshasa hits you with a +0 whip! x2
* * * LOW HITPOINT WARNING * * *
The rakshasa closely misses you.
As you read the scroll of fear, it crumbles to dust.
You assume a fearsome visage.
The rakshasa resists with almost no effort.
The rakshasa looks frightened!
The rakshasa resists with almost no effort.
The rakshasa hits you but does no damage.
The rakshasa blinks!
The rakshasa misses you. The rakshasa gestures at you.
The lance of force misses you.
The rakshasa blinks!
The rakshasa hits you but does no damage.
The rakshasa blinks!
The rakshasa gestures at you. The lance of force hits you!
You die...
Fedhas appreciates your contribution to the ecosystem.

##### ...##....#
.........# .....8..##
...8....#####
#...8......# #######
#.8.....)#.## #.....##
#ยง.R...#....###......#
#..R.@.###(..........#
#...R###...##.###..)....
###.. ###..#..##.....#.
##. #.##..#..##### #.
#...#.#.## ##
.....#.#....# ###
.##.....###.###..
...#.###..##......
.....##.....#....


You could see 3 rakshasas.

Vanquished Creatures
  Erolcha (D:9)
  Erica (D:8)
  2 two-headed ogres
  Pikel (D:8)
  A manticore (D:11)
  Maurice (D:8)
  Joseph (D:9)
  An unseen horror (D:11)
  Maggie (D:7)
  A troll (D:10)
  A centaur simulacrum (D:11)
  Sigmund (D:4)
  2 shadows (D:11)
  6 yaks (D:8)
  A wraith (D:10)
  A steam dragon (D:8)
  A vampire (D:9)
  3 wargs (D:10)
  A water moccasin (D:5)
  An ice beast (D:6)
  8 orc warriors
  A black bear (D:6)
  An ogre (D:6)
  4 centaurs
  7 necrophages
  A lemure (D:8)
  5 kobold brigands
  Blork the orc (D:4)
  3 scorpions
  5 bullfrogs
  A gnoll sergeant (D:5)
  A water moccasin skeleton (D:6)
  8 killer bees
  20 wights
  An electric eel (D:11)
  2 howler monkeys (D:7)
  11 centaur zombies
  A human zombie (Ossuary)
  A centaur skeleton (D:7)
  11 orc priests
  A bullfrog skeleton (D:5)
  A gnoll shaman (D:8)
  2 hounds (D:7)
  5 orc wizards
  2 iguanas
  A hound skeleton (D:4)
  4 mummies
  A howler monkey skeleton (D:7)
  3 howler monkey zombies
  7 gnolls
  5 adders
  A shadow imp (D:5)
  3 white imps
  3 worms (D:7)
  A dart slug (D:5)
  15 orcs
  3 ball pythons
  11 endoplasms
  A giant cockroach (D:1)
  6 goblins
  6 hobgoblins
  3 jackals (D:1)
  26 kobolds
  3 quokkas
  3 bats
  5 frilled lizards
  5 gnoll zombies (Ossuary)
  A goblin zombie (Ossuary)
  An orc zombie (Ossuary)
  6 rats
257 creatures vanquished.

Vanquished Creatures (collateral kills)
  An orc (D:10)
  2 kobolds (D:10)
3 creatures vanquished.

Vanquished Creatures (others)
  2 plants (D:10)
  A withered plant (D:11)
3 creatures vanquished.

Grand Total: 263 creatures vanquished

Notes
Turn   | Place    | Note
-------+----------+-------------------------------------------
     0 | D:1      | Gabide the Human Monk began the quest for the Orb.
     0 | D:1      | Reached XP level 1. HP: 18/18 MP: 1/1
   223 | D:1      | Reached XP level 2. HP: 23/24 MP: 2/2
   469 | D:1      | Reached skill level 4 in Polearms
   469 | D:1      | Reached XP level 3. HP: 28/29 MP: 3/3
   546 | D:1      | Found a faded altar of an unknown god.
  1398 | D:2      | Reached skill level 1 in Armour
  1571 | D:2      | Reached XP level 4. HP: 35/35 MP: 4/4
  1591 | D:2      | Found a blossoming altar of Fedhas.
  1602 | D:2      | Became a worshipper of Fedhas Madash
  1602 | D:2      | Reached * piety under Fedhas
  1602 | D:2      | Reached ** piety under Fedhas
  2635 | D:4      | Reached XP level 5. HP: 36/41 MP: 5/5
  2649 | D:4      | Noticed Sigmund
  2671 | D:4      | Killed Sigmund
  2672 | D:4      | Reached skill level 5 in Polearms
  2672 | D:4      | Reached XP level 6. HP: 33/47 MP: 6/6
  3032 | D:4      | Reached skill level 6 in Polearms
  3060 | D:4      | Noticed Blork the orc
  3094 | D:4      | Killed Blork the orc
  3095 | D:4      | Reached XP level 7. HP: 8/52 MP: 7/7
  3247 | D:4      | Found a sand-covered staircase.
  3266 | Ossuary  | Entered an ossuary
  3411 | Ossuary  | Reached skill level 7 in Polearms
  4008 | D:5      | Entered Level 5 of the Dungeon
  4222 | D:5      | Reached skill level 8 in Polearms
  4234 | D:5      | Found a snail-covered altar of Cheibriados.
  4238 | D:5      | Reached *** piety under Fedhas
  4256 | D:5      | Reached XP level 8. HP: 58/58 MP: 8/8
  4662 | D:5      | Reached skill level 9 in Polearms
  5201 | D:6      | Reached skill level 10 in Polearms
  5271 | D:6      | Reached XP level 9. HP: 28/63 MP: 9/9
  5325 | D:6      | Found a hide-covered altar of Uskayaw.
  5396 | D:6      | Reached skill level 11 in Polearms
  5447 | D:6      | Found a sacrificial altar of Ru.
  5834 | D:7      | Found a staircase to the Ecumenical Temple.
  5852 | D:7      | Reached **** piety under Fedhas
  5853 | D:7      | Reached skill level 12 in Polearms
  5896 | Temple   | Entered the Ecumenical Temple
  6388 | D:7      | Reached XP level 10. HP: 34/64 MP: 10/10
  6522 | D:7      | Noticed Maggie
  6541 | D:7      | Killed Maggie
  6542 | D:7      | Reached skill level 13 in Polearms
  6714 | D:7      | Noticed a moth of wrath
  6719 | D:7      | Found a bloodstained altar of Trog.
  7233 | D:8      | Reached skill level 14 in Polearms
  7815 | D:8      | Noticed Pikel
  7826 | D:8      | Killed Pikel
  7827 | D:8      | Reached skill level 15 in Polearms
  7863 | D:8      | Noticed Maurice
  7875 | D:8      | Noticed Erica
  7896 | D:8      | Reached ***** piety under Fedhas
  7914 | D:8      | Killed Erica
  7915 | D:8      | Reached XP level 11. HP: 56/75 MP: 8/11
  7926 | D:8      | Killed Maurice
  8247 | D:9      | Reached skill level 16 in Polearms
  8248 | D:9      | Found a glowing silver altar of Zin.
  8380 | D:9      | Reached skill level 1 in Invocations
  8388 | D:9      | Noticed Joseph
  8773 | D:9      | Killed Joseph
  8924 | D:9      | Noticed Erolcha
  8939 | D:9      | Killed Erolcha
  9189 | D:10     | Entered Level 10 of the Dungeon
  9421 | D:10     | Found a staircase to the Lair.
  9427 | D:10     | Noticed a two-headed ogre
  9448 | D:10     | Gained mutation: You are weak. (Str -2) [potion of
                  | mutation]
  9448 | D:10     | Gained mutation: You are resistant to electric shocks.
                  | (rElec) [potion of mutation]
  9833 | D:10     | Killed a two-headed ogre
 10205 | D:11     | Reached XP level 12. HP: 84/84 MP: 15/15
 10207 | D:11     | Found Ytigh's Armour Boutique.
 10262 | D:11     | Reached skill level 5 in Invocations
 10506 | D:11     | Bought a +3 ring mail of poison resistance for 368 gold
                  | pieces
 10720 | D:11     | Found a staircase to the Orcish Mines.
 10760 | D:11     | Reached skill level 5 in Fighting
 10760 | D:11     | Reached skill level 5 in Armour
 10760 | D:11     | Reached skill level 5 in Dodging
 10791 | D:11     | Noticed a two-headed ogre
 10803 | D:11     | Killed a two-headed ogre
 10818 | D:11     | Noticed a rakshasa
 10847 | D:11     | Killed from afar by a rakshasa (illusionary)

Illustrated notes

Levels and vault maps discovered:
D:1:      dpeg_arrival_houses_and_road, layout_basic,
          dreamdust_ecumenical_altar_hidden_monk_grotto
D:2:      layout_rooms, basic_altar
D:3:      layout_basic
D:4:      layout_loops_ring, nicolae_ossuary_entry_ruins,
          kennysheep_windowed_goal, uniq_sigmund, uniq_blork_the_orc
D:5:      layout_loops_ring, kennysheep_slug_shrine
D:6:      layout_rooms, mainiacjoe_overflow_small_starburst,
          general_overflow_altar
D:7:      layout_basic, tgw_trog, minmay_temple_entry_grid, uniq_maggie
D:8:      layout_basic, minmay_fire_ice_demons, uniq_maurice, uniq_pikel,
          uniq_erica
D:9:      layout_basic, mainiacjoe_overflow_paths, nzn_life_drinkers,
          uniq_joseph, uniq_erolcha
D:10:     layout_rooms, erik_lair_orcish_takeover
D:11:     layout_rooms, orc_0_dummy, serial_shops, shop, serial_undead,
          serial_undead_f, serial_undead_c, serial_undead_a, serial_undead_b,
          serial_undead_f, serial_undead_f, serial_undead_b
Temple:   minmay_crystal_spiral_temple

Skill      XL: |  1  2  3  4  5  6  7  8  9 10 11 12 |
---------------+-------------------------------------+-----
Polearms       | 4 5 6 8 10 12 15 16 | 16.5
Armour         | 1 2 3 4 5 |  5.2
Invocations    | 4 6 |  6.6
Fighting       | 4 5 |  5.3
Dodging        | 4 5 |  5.2
Stealth        | |  2.0

Action                   |  1- 3 |  4- 6 |  7- 9 | 10-12 || total
-------------------------+-------+-------+-------+-------++-------
Melee: Spear             |   109 |   133 |   158 |       ||   400
       Punch             |       |     1 |     2 |       ||     3
       Halberd           |       |       |   247 |   654 ||   901
Invok: Wall of Briars    |       |       |       |     6 ||     6
Evoke: Wand              |       |       |     4 |     8 ||    12
  Use: Scroll            |     3 |     3 |    11 |    11 ||    28
       Potion            |     1 |     3 |     4 |    12 ||    20
 Stab: Sleeping          |     6 |     7 |     6 |     2 ||    21
       Distracted        |     1 |       |     1 |     2 ||     4
       Invisible         |       |       |     5 |     3 ||     8
Armor: Robe              |     3 |       |       |       ||     3
       Ring mail         |    19 |    21 |    99 |    78 ||   217
       Acid dragon scale |       |       |       |    96 ||    96
       Skin              |       |       |       |     7 ||     7
Dodge: Dodged            |    38 |    43 |   227 |   343 ||   651
